 Dungeon Crawl Stone Soup version 0.24-a0-341-g52ca42d3ec (webtiles) character file.

Game seed: 7214367653399935445

886 MisterFreud the Changer (level 8, -3/48 HPs)
             Began as an Octopode Transmuter on May 20, 2019.
             Killed by divine providence
             ... invoked by an orc priest
              (15 damage)
             ... on level 5 of the Dungeon.
             The game lasted 00:07:38 (4383 turns).

MisterFreud the Changer (Octopode Transmuter)       Turns: 4383, Time: 00:07:39

Health: -3/48      AC:  2    Str: 10    XL:     8   Next: 5%
Magic:  19/24      EV: 21    Int: 17    God:
Gold:   310        SH:  0    Dex: 17    Spells: 6/17 levels left

rFire    . . .     SeeInvis .     - Unarmed
rCold    . . .     Gourm    .   (shield currently unavailable)
rNeg     . . .     Faith    .   (helmet currently unavailable)
rPois    x         Spirit   .   (no amulet)
rElec    .         Reflect  .   l - ring of magical power
rCorr    .         Harm     .   d - +2 ring of evasion
MR       .....                  (no ring)
Stlth    ++........             (no ring)
HPRegen  0.16/turn              (no ring)
MPRegen  0.19/turn              (no ring)
                                (no ring)
                                (no ring)

@: spider-form, very slightly contaminated
A: tiny, almost no armour, stealthy swim, (amphibious), 8 rings, (constrict 8)
a: End Transformation


You were on level 5 of the Dungeon.
You were not hungry.
You were a venomous arachnid creature.
You visited 1 branch of the dungeon, and saw 6 of its levels.

You collected 310 gold pieces.

Inventory:

Missiles
 a - 85 arrows
 b - 5 silver boomerangs
 e - 11 poisoned darts (quivered)
 f - 88 stones
 g - 89 bolts
 t - 4 javelins
Jewellery
 d - a +2 ring of evasion (right front leg)
 l - a ring of magical power (left front leg)
 r - an uncursed amulet of guardian spirit
Wands
 h - a wand of iceblast (10)
Scrolls
 j - a scroll of magic mapping
 k - 2 scrolls of enchant weapon
 p - 2 scrolls of remove curse
 u - a scroll of teleportation
 v - a scroll of immolation {unknown}
Potions
 i - a potion of cancellation
 m - a potion of mutation
 n - 2 potions of flight {unknown}
 o - a potion of lignification {unknown}
 q - 3 potions of might {unknown}
Comestibles
 c - 10 rations
 s - 2 chunks of flesh


   Skills:
 - Level 1.0 Fighting
 - Level 2.0 Dodging
 - Level 3.0 Unarmed Combat
 + Level 5.0 Spellcasting
 * Level 7.5 Transmutations


You had 6 spell levels left.
You knew the following spells:

 Your Spells              Type           Power        Failure   Level  Hunger
a - Beastly Appendage     Tmut           ####..       4%          1    None
b - Sticks to Snakes      Tmut           ####....     5%          2    #......
c - Spider Form           Tmut/Pois      ###.......   22%         3    ###....
d - Blade Hands           Tmut           ####......   38%         5    ######.

Your spell library contained the following spells:

 Spells                   Type           Power        Failure   Level  Hunger
 Ice Form                 Ice/Tmut       ###.....     52%         4    ####...


Dungeon Overview and Level Annotations

Branches:
Dungeon (6/15)
 Temple: D:4-7

Altars:
Dithmenos
Elyvilon
Fedhas
Makhleb
Qazlal


Innate Abilities, Weirdness & Mutations

You cannot wear most types of armour.
You are very stealthy in the water. (Stealth+)
((You are amphibious.))
You can wear up to eight rings at the same time.
((You can use your tentacles to constrict eight enemies at once.))
((Your skin changes colour to match your surroundings (Stealth+).))
((Your rubbery body absorbs attacks. (AC +1, EV +1)))


Message History

You hit the orc wizard.
The orc wizard looks as sick as possible!
The orc wizard is almost dead.
You kill the orc wizard!
Your Spellcasting skill increases to level 5!
The orc completely misses you.
You bite the orc!
You kill the orc!
The orc misses you.
The orc priest calls down the wrath of Beogh upon you.
Beogh smites you!
You hit the orc.
The orc is lightly wounded.
You hit the orc.
You kill the orc!
The orc hits you with a +0 flail.
* * * LOW HITPOINT WARNING * * *
The orc priest invokes the aid of Beogh against you.
Beogh smites you!
You die... ...# ...# .# .. .. #. ..# #.. #...# . ..## .#...#...# ...# .# ..#...#. #. ...# ...#...#.. #... ..# ...#...#...# .## #..#...# .# ### #oso#

.#####.#### ##.##..#
..........####..##.....
........................
..............##########
...............#
...............#
..............##
.............##


You could see an orc priest and an orc.

Vanquished Creatures
  A black bear (D:6)
  A sky beast (D:5)
  An ogre (D:4)
  A big kobold (D:4)
  A bullfrog (D:6)
  A hound (D:5)
  2 orc wizards
  2 bullfrog skeletons (D:4)
  Jessica (D:3)
  5 worker ants
  A hound skeleton (D:4)
  8 adders
  A shadow imp (D:5)
  An adder zombie (D:4)
  2 worms
  4 leopard geckos
  14 orcs
  10 bats
  5 giant cockroaches
  6 goblins
  4 hobgoblins
  5 jackals
  A quokka (D:4)
  A ball python (D:2)
  5 frilled lizards
  A jackal skeleton (D:2)
  16 kobolds
  9 rats
110 creatures vanquished.

Vanquished Creatures (others)
  2 goblins (D:3)
  A quokka (D:3)
3 creatures vanquished.

Grand Total: 113 creatures vanquished

Notes
Turn   | Place    | Note
-------+----------+-------------------------------------------
     0 | D:1      | MisterFreud the Octopode Transmuter began the quest for the
                  | Orb.
     0 | D:1      | Reached XP level 1. HP: 13/13 MP: 3/3
    87 | D:2      | Reached XP level 2. HP: 6/18 MP: 5/5
   542 | D:1      | Reached skill level 3 in Transmutations
   542 | D:1      | Reached XP level 3. HP: 23/23 MP: 6/6
  1807 | D:3      | Learned a level 2 spell: Sticks to Snakes
  1811 | D:3      | Learned a level 3 spell: Spider Form
  1857 | D:3      | Reached XP level 4. HP: 8/28 MP: 8/8
  2019 | D:3      | Found a stormy altar of Qazlal.
  2020 | D:3      | Found a blossoming altar of Fedhas.
  2095 | D:3      | Found a shadowy altar of Dithmenos.
  2149 | D:3      | Noticed Jessica
  2169 | D:3      | Killed Jessica
  2169 | D:3      | Reached skill level 4 in Transmutations
  2223 | D:3      | Reached XP level 5. HP: 30/33 MP: 9/9
  2244 | D:3      | Found a white marble altar of Elyvilon.
  2721 | D:4      | Reached skill level 5 in Transmutations
  3046 | D:4      | Reached XP level 6. HP: 29/38 MP: 11/11
  3125 | D:4      | Learned a level 5 spell: Blade Hands
  3389 | D:4      | Reached skill level 6 in Transmutations
  3389 | D:4      | Reached XP level 7. HP: 13/43 MP: 13/13
  4032 | D:4      | Found a burning altar of Makhleb.
  4182 | D:5      | Entered Level 5 of the Dungeon
  4247 | D:6      | Reached skill level 7 in Transmutations
  4341 | D:5      | Reached XP level 8. HP: 29/48 MP: 15/15
  4379 | D:5      | Reached skill level 5 in Spellcasting
  4383 | D:5      | Killed from afar by an orc priest

Levels and vault maps discovered:
D:1:      saegor_arrival_simple_b, layout_loops_ring, serial_bayou_pond_c
D:2:      layout_basic, first_ration
D:3:      minmay_recursive_quarters, layout_basic, elyvilon_altar_4,
          grunt_temple_overflow_forces_of_nature,
          nicolae_dithmenos_shadow_blocks, uniq_jessica, uniq_robin
D:4:      cheibrodos_thug_alley, layout_gridville, marbit_many_paths,
          kennysheep_boxes
D:5:      layout_cave_pods, kennysheep_little_box,
          lemuel_coloured_pillars_altar, minmay_temple_entry_ruins, hex_large,
          okawaru_gym_becter
D:6:      layout_basic, nrook_mini_backslash

Skill      XL: |  1  2  3  4  5  6  7  8 |
---------------+-------------------------+-----
Transmutations | 3 4 5 6 7 |  7.5
Spellcasting   | 3 4 5 |  5.0
Fighting       | |  1.0
Dodging        | |  2.0
Unarmed Combat | |  3.0

Action                   |  1- 3 |  4- 6 |  7- 9 || total
-------------------------+-------+-------+-------++-------
Melee: Unarmed           |   104 |   135 |    83 ||   322
       Constrict         |    29 |    16 |    10 ||    55
       Tentacles         |    18 |    10 |     8 ||    36
       Punch             |     1 |     1 |     1 ||     3
       Kick              |       |     1 |       ||     1
 Cast: Beastly Appendage |     1 |     1 |       ||     2
       Spider Form       |     2 |    10 |     8 ||    20
 Abil: End Transformatio |       |     1 |       ||     1
  Use: Potion            |     1 |       |       ||     1
       Scroll            |     5 |     3 |       ||     8
 Stab: Sleeping          |     5 |     5 |       ||    10
  Eat: Chunk             |     3 |     6 |     4 ||    13
Armor: Skin              |    12 |     6 |     4 ||    22
Dodge: Dodged            |    79 |    92 |    93 ||   264

Table legend:
 A = Non-vault XP
 B = Vault XP
 C = Vault XP percentage of total XP
 D = Non-vault monster count
 E = Vault monster count
 F = Vault count percentage of total count
                 A         B        C        D         E       F
            +---------+---------+-------+---------+---------+-------
      Total |    1026 |     241 |  19.0 |      86 |      24 |  21.8
            +---------+---------+-------+---------+---------+-------
        D:1 |      28 |       0 |   0.0 |      20 |       0 |   0.0
        D:2 |      41 |       0 |   0.0 |      20 |       0 |   0.0
        D:3 |      60 |     124 |  67.4 |      15 |      14 |  48.3
        D:4 |     417 |     117 |  21.9 |      21 |      10 |  32.3
        D:5 |     262 |       0 |   0.0 |       8 |       0 |   0.0
        D:6 |     218 |       0 |   0.0 |       2 |       0 |   0.0
            +---------+---------+-------+---------+---------+-------
